 Dungeon Crawl Stone Soup version 0.31-a0-1074-g0b22e4e0f1 (webtiles) character file.

Game seed: 17281686198582483706

5502 bmb222 the Cleaver (level 10, -16/86 HPs)
             Began as a Minotaur Delver on Dec 2, 2023.
             Was a Priest of the Shining One.
             Demolished by an orc warrior
             ... wielding a +0 glaive
              (21 damage)
             ... in a bailey.
             The game lasted 00:09:53 (6796 turns).

bmb222 the Cleaver (Minotaur Delver)                Turns: 6796, Time: 00:09:53

Health: -16/86     AC: 25    Str: 21    XL:     10   Next: 42%
Magic:  9/9        EV:  7    Int:  7    God:    the Shining One [***...]
Gold:   350        SH:  0    Dex: 15    Spells: 9/9 levels left

rFire   . . .        M - +0 battleaxe
rCold   . . .        (shield currently unavailable)
rNeg    + . .        y - +6 plate armour of Beyond {Regen+ rCorr Dex+3}
rPois   .            (helmet restricted)
rElec   .            F - +0 cloak
rCorr   +            (no gloves)
SInv    +            (no boots)
Will    .....        (no amulet) Stlth
                     h - +4 ring of protection
HPRegen 1.14/turn    J - ring of see invisible
MPRegen 0.11/turn

%: no passive effects
@: glowing
A: horns 2, retaliatory headbutt
a: Renounce Religion, Divine Shield, Cleansing Flame


You were in a bailey.
You worshipped the Shining One.
The Shining One was most pleased with you.
You visited 2 branches of the dungeon, and saw 10 of its levels.
You also visited: Bailey.

You collected 532 gold pieces.
You spent 182 gold pieces at shops.

Inventory:

Hand Weapons
 a - a +0 hand axe
 i - a +0 war axe
 M - a +0 battleaxe (weapon)
Missiles
 e - 26 poisoned darts
Armour
 b - a +0 leather armour
 p - a +0 ring mail
 v - a +0 chain mail
 x - a +0 pair of boots
 y - the +6 plate armour of Beyond (worn) {Regen+ rCorr Dex+3}
   (You found it on level 2 of the Dungeon)

   Dex+3:     It affects your dexterity (+3).
   Regen+:    It increases your rate of health regeneration.
   rCorr:     It protects you from acid and corrosion.
 F - a +0 cloak (worn)
Jewellery
 h - a +4 ring of protection (left hand)
 r - a ring of magical power
 J - a ring of see invisible (right hand)
 K - a +5 ring of evasion
Wands
 g - a wand of digging (6)
 m - a wand of light (7)
 C - a wand of flame (18)
 D - a wand of mindburst (7)
Scrolls
 c - 2 scrolls of vulnerability {unknown}
 d - 6 scrolls of teleportation {unknown}
 f - 7 scrolls of identify {unknown}
 l - 2 scrolls of brand weapon
 s - a scroll of fog
 t - a scroll of summoning {unknown}
 u - a scroll of silence {unknown}
 A - a scroll of acquirement {unknown}
 G - 6 scrolls of immolation {unknown}
 H - a scroll of enchant weapon {unknown}
 L - 2 scrolls of revelation
Potions
 j - 3 potions of resistance
 k - 4 potions of ambrosia
 n - 2 potions of cancellation
 o - 2 potions of attraction {unknown}
 q - 2 potions of invisibility {unknown}
 w - 2 potions of curing
 z - a potion of brilliance
 B - 2 potions of enlightenment
 E - a potion of lignification {unknown}
 I - a potion of heal wounds
 N - a potion of might {unknown}


   Skills:
 - Level 7.5 Fighting
 - Level 13.9 Axes
 + Level 0.2 Throwing
 * Level 9.5 Armour
 - Level 2.3 Dodging
 - Level 5.1 Stealth
 + Level 1.1 Evocations


You had 9 spell levels left.
You didn't know any spells.
Your spell library contained the following spells:

 Spells                   Type           Power      Damage    Failure   Level
 Foxfire                  Conj/Fire      0%         2x1d4     100%        1
 Slow                     Hex            0%         N/A       100%        1
 Sting                    Tmut/Pois      0%         1d3       100%        1
 Ensorcelled Hibernation  Hex/Ice        0%         N/A       100%        2
 Passwall                 Tmut/Erth      0%         N/A       100%        2
 Poisonous Vapours        Pois/Air       0%         N/A       100%        2
 Confusing Touch          Hex            0%         N/A       100%        3
 Ozocubu's Armour         Ice            0%         N/A       100%        3
 Sigil of Binding         Hex            0%         N/A       100%        3
 Swiftness                Air            0%         N/A       100%        3
 Vampiric Draining        Necr           0%         2d6       100%        3
 Olgreb's Toxic Radiance  Pois           0%         N/A       100%        4
 Plasma Beam              Fire/Air       0%         2x1d10    100%        6
 Starburst                Conj/Fire      0%         6d3       100%        6
 Ozocubu's Refrigeration  Ice            0%         4d7       100%        7


Dungeon Overview and Level Annotations

Branches:
Dungeon (9/15)             Temple (1/1) D:5          Bailey (1/1)
   Lair: D:8-11         Orc: D:9-12

Altars:
Ashenzari
Cheibriados
Dithmenos
Elyvilon
Fedhas
Gozag
Hepliaklqana
Kikubaaqudgha
Makhleb
Nemelex Xobeh
Okawaru
Qazlal
Ru
Sif Muna
Trog
Uskayaw
Vehumet
Wu Jian
Xom
Yredelemnul
Zin
The Shining One

Shops:
D:8 !

Annotations:
Bailey 2 runed translucent doors


Innate Abilities, Weirdness & Mutations

You have a pair of horns on your head.
You reflexively headbutt those who attack you in melee.


Message History

The orc warrior hits you from afar with a +0 glaive!
The orc warrior grunts noisily.
The orc warrior attacks as it pursues you!
The orc warrior hits you but does no damage.
You feel much better.
The orc warrior hits you from afar with a +0 glaive!
It was a potion of enlightenment.
You feel very buoyant.
You fly up into the air.
The orc warrior hits you but does no damage.
It was a potion of brilliance.
You feel clever all of a sudden.
The orc knight roars a battlecry!
The orc goes into a battle-frenzy!
The orc hits you but does no damage.
The orc warrior hits you from afar with a +0 glaive!!
It was a potion of cancellation.
Your magical effects are unravelling.
You feel magically purged.
You float gracefully downwards.
You feel a little less clever now.
Your enlightenment fades.
The orc hits you but does no damage.
The orc warrior hits you from afar with a +0 halberd!
* * * LOW HITPOINT WARNING * * *
The orc warrior hits you from afar with a +0 glaive.
* * * LOW HITPOINT WARNING * * *
As you read the scroll of fog, it dissolves into smoke.
The orc closely misses you.
The orc warrior hits you from afar with a +0 halberd.
* * * LOW HITPOINT WARNING * * *
The orc warrior completely misses you.
The orc warrior attacks as it pursues you!
The orc warrior hits you from afar with a +0 glaive!
* * * LOW HITPOINT WARNING * * *
As you read the scroll labelled IBEOFY JICA, it crumbles to dust.
It is a scroll of brand weapon.
Okay, then.
The orc hits you but does no damage.
The orc warrior hits you but does no damage.
The orc warrior hits you from afar with a +0 glaive!!
You die...

♣♣♣♣♣♣♣♣
♣♣......♣♣
♣........♣
#♣..∩..∩..♣#
#..........#
##..........##
###......§.§...#
♣♣........§§§.♣.
#♣..♣.♣..§@§§§♣♣.#
#≈≈.....§§§§§.....
#≈≈≈....#§ooo#....
#≈≈≈≈≈≈≈#§§§§#≈≈ ≈
#≈≈≈≈≈≈≈#....# ≈≈
#≈≈≈≈≈≈≈#)oo.# ≈≈≈
#♣♣≈≈≈≈≈#.o..#≈≈≈≈
♣♣♣...#....#...≈
....♣...o.......


You could see 2 orc warriors and an orc (strong).

Vanquished Creatures
  A two-headed ogre (D:5)
  Maggie (D:7)
  A hornet (D:8)
  A troll (D:9)
  Sigmund (D:3)
  A yak (D:5)
  A steam dragon (D:8)
  An acid dragon (D:5)
  3 water moccasins
  An ice beast (D:4)
  5 orc warriors
  A black bear (D:6)
  3 ogres
  2 centaurs (D:7)
  4 phantoms
  A kobold brigand (D:8)
  3 bullfrogs
  3 scorpions
  5 wights (D:8)
  3 killer bees (D:9)
  2 howler monkeys
  4 crimson imps (D:8)
  2 jellies
  3 hounds
  2 gnoll boudas
  An orc priest (D:3)
  5 iguanas
  Terence (D:3)
  3 orc wizards
  6 sleepcaps
  7 gnolls
  10 adders
  A shadow imp (D:6)
  3 white imps
  A worm (D:3)
  5 dart slugs
  23 orcs
  10 ball pythons
  7 bats
  10 endoplasms
  14 giant cockroaches
  9 goblins
  8 hobgoblins
  12 kobolds
  5 quokkas
  4 frilled lizards
  5 rats
205 creatures vanquished.

Vanquished Creatures (others)
  Jessica (D:3)
1 creature vanquished.

Grand Total: 206 creatures vanquished

Notes
Turn   | Place    | Note
-------+----------+-------------------------------------------
     0 | D:5      | bmb222 the Minotaur Delver began the quest for the Orb.
     0 | D:5      | Reached XP level 1. HP: 19/19 MP: 0/0
     0 | D:5      | Found a staircase to the Ecumenical Temple.
    51 | Temple   | Entered the Ecumenical Temple
    58 | Temple   | Became a worshipper of the Shining One
   129 | D:4      | Noticed a sleepcap
   147 | D:4      | Noticed a hound
   162 | D:4      | Killed a hound
   163 | D:4      | Reached XP level 2. HP: 25/27 MP: 1/1
   163 | D:4      | Reached XP level 3. HP: 31/33 MP: 2/2
   339 | D:4      | Found an ornate altar of the Wu Jian Council.
   608 | D:4      | Reached skill level 5 in Stealth
   608 | D:4      | Reached XP level 4. HP: 20/40 MP: 3/3
   867 | D:4      | Reached skill level 1 in Armour
   996 | D:2      | Found a basalt altar of Yredelemnul.
  1080 | D:1      | Reached skill level 3 in Axes
  1157 | D:1      | Found a faded altar of an unknown god.
  2025 | D:2      | Identified the +6 plate armour of Beyond {Regen+ rCorr
                  | Dex+3}
  2044 | D:2      | Reached XP level 5. HP: 46/46 MP: 4/4
  2307 | D:3      | Reached skill level 4 in Axes
  2491 | D:3      | Reached * piety under the Shining One
  2532 | D:3      | Noticed Terence
  2539 | D:3      | Killed Terence
  2616 | D:3      | Noticed Sigmund
  2619 | D:3      | Found a sparkling altar of Nemelex Xobeh.
  2622 | D:3      | Noticed Jessica
  2625 | D:3      | Killed Jessica
  2747 | D:3      | Killed Sigmund
  2748 | D:3      | Reached skill level 6 in Axes
  2748 | D:3      | Reached XP level 6. HP: 53/53 MP: 5/5
  3094 | D:4      | Noticed an ice beast
  3104 | D:4      | Reached skill level 7 in Axes
  3104 | D:4      | Reached XP level 7. HP: 59/60 MP: 6/6
  3508 | D:5      | Found a radiant altar of Vehumet.
  3517 | D:5      | Reached skill level 8 in Axes
  3660 | D:5      | Noticed a two-headed ogre
  3866 | D:6      | Reached XP level 8. HP: 62/67 MP: 7/7
  3879 | D:6      | Reached skill level 5 in Fighting
  3879 | D:6      | Reached skill level 9 in Axes
  4118 | D:6      | Reached ** piety under the Shining One
  4183 | D:6      | Reached skill level 10 in Axes
  4183 | D:6      | Reached skill level 5 in Armour
  4711 | D:5      | Found a white marble altar of Elyvilon.
  4818 | D:5      | Reached skill level 11 in Axes
  4871 | D:5      | Reached XP level 9. HP: 74/74 MP: 8/8
  4890 | D:5      | HP: 3/74 [ogre/+0 giant club (12)]
  5129 | D:5      | Killed a two-headed ogre
  5130 | D:5      | Reached skill level 12 in Axes
  5169 | D:5      | Found a basalt altar of Yredelemnul.
  5316 | D:5      | Found a glowing silver altar of Zin.
  5316 | D:5      | Noticed an angel
  5397 | D:7      | Found a snail-covered altar of Cheibriados.
  5422 | D:7      | Found a blossoming altar of Fedhas.
  5455 | D:7      | Noticed Maggie
  5489 | D:7      | Killed Maggie
  6033 | D:7      | Reached skill level 13 in Axes
  6033 | D:7      | Reached skill level 1 in Evocations
  6055 | D:8      | Found Cibineemn's Distillery.
  6072 | D:8      | Bought a potion of heal wounds for 70 gold pieces
  6072 | D:8      | Bought a potion of ambrosia for 112 gold pieces
  6094 | D:8      | Found a shimmering altar of Xom.
  6100 | D:8      | Reached XP level 10. HP: 81/86 MP: 9/9
  6154 | D:8      | Reached *** piety under the Shining One
  6680 | D:9      | Found a flagged portal.
  6715 | Bailey   | Entered a bailey
  6757 | Bailey   | Found a large runed translucent door.
  6757 | Bailey   | Found a large runed translucent door.
  6760 | Bailey   | Noticed a deep elf pyromancer
  6761 | Bailey   | Noticed an orc knight
  6795 | Bailey   | HP: 4/86 [orc warrior/+0 glaive (15)]
  6796 | Bailey   | Demolished by an orc warrior

Illustrated notes

Levels and vault maps discovered:
D:1:      sevenhm_arrival_forest_fort_small_3, layout_basic,
          shapermc_ecumenical_altar_mp_vishouse, minmay_pentomino_z4
D:2:      minmay_roachtagon, layout_rooms, basic_altar, minmay_pentomino_pile
D:3:      minmay_chambers_of_twos, layout_loops_ring,
          mainiacjoe_overflow_concentric_impassable, grunt_decor_resistance,
          uniq_jessica, uniq_sigmund, uniq_terence
D:4:      layout_loops_ring, nicolae_wu_jian_immortal_techniques,
          kennysheep_donut, st_stairs_11, minmay_misc_feat_iff,
          minmay_quadrilaterals
D:5:      layout_basic, kennysheep_ying_yang, zin_angel, vehumet_altar_wand_db,
          minmay_temple_entry_gardened_gates, minmay_divided_ellipse
D:6:      layout_cave_pods, kennysheep_dice
D:7:      layout_gridville, grunt_temple_overflow_open, grunt_ministairs_13,
          uniq_maggie
D:8:      layout_basic, led_xom_imps, serial_shops,
          nicolae_shop_industrial_runoff
D:9:      layout_irregular_city, lair_entry_dummy, enter_bailey_3,
          gammafunk_ghost_wrathful_warriors
Temple:   nicolae_temple_bog_church
Bailey:   bailey_polearm_elven_captive_hellmonk, bailey

Skill      XL: |  1  2  3  4  5  6  7  8  9 10 |
---------------+-------------------------------+-----
Fighting       | 4 5 7 |  7.5
Stealth        | 5 |  5.1
Armour         | 1 2 4 6 8 9 |  9.5
Axes           | 3 6 7 8 11 13 | 13.9
Evocations     | 1 |  1.1
Throwing       | |  0.2
Dodging        | |  2.3

Action                     |  1- 3 |  4- 6 |  7- 9 | 10-12 || total
---------------------------+-------+-------+-------+-------++-------
  Melee: War axe           |    22 |   134 |   198 |    26 ||   380
         Headbutt          |     6 |    23 |    58 |    14 ||   101
         Hand axe          |     1 |       |       |       ||     1
         Punch             |       |       |     7 |     1 ||     8
         Battleaxe         |       |       |       |    52 ||    52
  Throw: Dart              |       |       |     3 |       ||     3
  Evoke: Wand              |       |     1 |    12 |       ||    13
    Use: Scroll            |     2 |       |     1 |     2 ||     5
         Potion            |     2 |       |     5 |     4 ||    11
 Armour: Leather armour    |    18 |     6 |       |       ||    24
         Chain mail        |       |    25 |       |       ||    25
         Ring mail         |       |     3 |       |       ||     3
         Plate armour      |       |    63 |   218 |   170 ||   451
  Dodge: Dodged            |    10 |    51 |    78 |    40 ||   179

Table legend: (Time is in decaauts)
 A = Elapsed time spent in this place.
 B = Non-inter-level travel time spent in this place.
 C = Inter-level travel time spent in this place.
 D = Time resting spent in this place.
 E = Time spent auto-exploring this place.
 F = Levels seen in this place.
 G = Mean time per level.
                   A        B        C        D        E       F      G
               +--------+--------+--------+--------+--------+-----+--------+
         Total |   6799 |   6415 |    384 |    556 |   4320 |  11 |  618.1 |
       Dungeon |   6698 |   6314 |    384 |    556 |   4291 |   9 |  744.2 |
        Temple |     20 |     20 |      0 |      0 |      0 |   1 |   20.0 |
        Bailey |     80 |     80 |      0 |      0 |     29 |   1 |   80.0 |
               +--------+--------+--------+--------+--------+-----+--------+

Top non-repeatable levels by time:
     D:4: 1202 daAuts
     D:5: 1066 daAuts
     D:3: 973 daAuts
     D:6: 857 daAuts
     D:1: 749 daAuts
     D:7: 641 daAuts
     D:8: 588 daAuts
     D:2: 510 daAuts
     D:9: 108 daAuts
  Bailey: 80 daAuts
  Temple: 20 daAuts
